 Dungeon Crawl Stone Soup version 0.21.1-1-g345015f (webtiles) character file.

201 empire the Ducker (level 5, -1/43 HPs)
             Began as a Gnoll Gladiator on Apr 11, 2018.
             Slain by an orc warrior
             ... wielding a +0 war axe
              (17 damage)
             ... on level 3 of the Dungeon.
             The game lasted 00:03:59 (1771 turns).

empire the Ducker (Gnoll Gladiator)                 Turns: 1771, Time: 00:04:00

Health: -1/43      AC:  7    Str: 21    XL:     5   Next: 79%
Magic:  6/7        EV: 20    Int: 11    God:
Gold:   58         SH:  0    Dex: 22    Spells: 7/7 levels left

rFire    . . .     SeeInvis .   a - +1 war axe
rCold    . . .     Gourm    .   (no shield)
rNeg     . . .     Faith    +   s - +0 scale mail
rPois    .         Spirit   .   c - +0 helmet
rElec    .         Reflect  .   (no cloak)
rCorr    .         Harm     .   (no gloves)
MR       .....                  (no boots)
Stlth    ++........             p - amulet of faith
HPRegen  0.14/turn              (no ring)
MPRegen  0.10/turn              (no ring)

@: mighty, agile
A: distributed training, fangs 1, strong nose
a: no special abilities


You were on level 3 of the Dungeon.
You were not hungry.

You visited 1 branch of the dungeon, and saw 3 of its levels.

You collected 58 gold pieces.

Inventory:

Hand Weapons
 a - a +1 war axe (weapon)
 t - a +2 spear of freezing
Missiles
 d - 3 throwing nets
 u - 4 tomahawks (quivered)
Armour
 c - a +0 helmet (worn)
 s - a +0 scale mail (worn)
Jewellery
 p - an amulet of faith (around neck)
Scrolls
 b - a scroll of noise
 i - 2 scrolls of blinking
 j - a scroll of enchant weapon
 r - 3 scrolls of identify
Potions
 h - 2 potions of flight
 k - a potion of ambrosia
 m - a potion of curing {unknown}
 n - a potion of agility
 o - a potion of haste {unknown}
 q - a potion of mutation {unknown}
Comestibles
 f - 5 rations
 w - a chunk of flesh


   Skills:
 + Level 4.8 Fighting
 + Level 1.6 Short Blades
 + Level 1.6 Long Blades
 + Level 6.7 Axes
 + Level 1.6 Maces & Flails
 + Level 1.6 Polearms
 + Level 1.6 Staves
 + Level 1.6 Slings
 + Level 1.6 Bows
 + Level 1.6 Crossbows
 + Level 4.8 Throwing
 + Level 1.6 Armour
 + Level 6.7 Dodging
 + Level 1.6 Stealth
 + Level 1.6 Shields
 + Level 1.6 Unarmed Combat
 + Level 1.6 Spellcasting
 + Level 1.2 Conjurations
 + Level 1.2 Hexes
 + Level 1.2 Charms
 + Level 1.2 Summonings
 + Level 1.2 Necromancy
 + Level 1.2 Translocations
 + Level 1.2 Transmutations
 + Level 1.2 Fire Magic
 + Level 1.2 Ice Magic
 + Level 1.2 Air Magic
 + Level 1.2 Earth Magic
 + Level 1.2 Poison Magic
 + Level 1.8 Invocations
 + Level 1.6 Evocations


You had 7 spell levels left.
You didn't know any spells.

Dungeon Overview and Level Annotations

Branches:
Dungeon (3/15)

Altars:


Innate Abilities, Weirdness & Mutations

Your experience applies equally to all skills.
You have very sharp teeth.
Your uncanny sense of smell can sniff out nearby items.


Message History

Beogh smites you!
An orc comes into view. It is wielding a club.
You slash RollingDesktops's ghost! You bite RollingDesktops's ghost!
RollingDesktops's ghost is severely damaged.
RollingDesktops's ghost barely misses you.
RollingDesktops's ghost completely misses you.
You slash RollingDesktops's ghost!
RollingDesktops's ghost is almost destroyed.
RollingDesktops's ghost barely misses you.
You miss RollingDesktops's ghost.
Your bite misses RollingDesktops's ghost.
RollingDesktops's ghost is almost destroyed.
You hear the slow rusting of a very distant drain.
RollingDesktops's ghost hits you!
You slash RollingDesktops's ghost!
You destroy RollingDesktops's ghost!
Unknown command.
You barely miss the orc warrior. Your bite misses the orc warrior.
The orc warrior hits you with a war axe!
You die...

...†.# #.#.#######
∆
.###(###.#...(...#
#.)...#.#####.#
######.#.# #.#
..........# #.#
....###.......#.#
.. #######.#(# #.#
#@# #o#
####+#o#####
#.....go...#
.............#
.##..........+
#..........#∆
#..........#
#..........#


You could see an orc warrior, an orc priest, an orc and a goblin.

Vanquished Creatures
  The ghost of RollingDesktops the Grasshopper, an amateur GnWr (D:3)
  Terence (D:2)
  3 gnolls (D:2)
  2 adders
  A worm (D:2)
  2 leopard geckos (D:2)
  A giant cockroach (D:1)
  5 goblins (D:2)
  3 hobgoblins
  4 jackals (D:2)
  5 bats
  6 frilled lizards
  4 kobolds
  5 rats
43 creatures vanquished.

Notes
Turn   | Place    | Note
-------+----------+-------------------------------------------
     0 | D:1      | empire the Gnoll Gladiator began the quest for the Orb.
     0 | D:1      | Reached XP level 1. HP: 20/20 MP: 1/1
   352 | D:1      | Reached XP level 2. HP: 26/26 MP: 2/2
   879 | D:2      | Reached XP level 3. HP: 27/31 MP: 3/3
  1068 | D:2      | Noticed Terence
  1070 | D:2      | Reached skill level 1 in Invocations
  1076 | D:2      | Killed Terence
  1076 | D:2      | Reached skill level 1 in Short Blades
  1076 | D:2      | Reached skill level 1 in Long Blades
  1076 | D:2      | Reached skill level 1 in Maces & Flails
  1076 | D:2      | Reached skill level 1 in Polearms
  1076 | D:2      | Reached skill level 1 in Staves
  1076 | D:2      | Reached skill level 1 in Slings
  1076 | D:2      | Reached skill level 1 in Bows
  1076 | D:2      | Reached skill level 1 in Crossbows
  1076 | D:2      | Reached skill level 1 in Armour
  1076 | D:2      | Reached skill level 1 in Stealth
  1076 | D:2      | Reached skill level 1 in Shields
  1076 | D:2      | Reached skill level 1 in Unarmed Combat
  1076 | D:2      | Reached skill level 1 in Spellcasting
  1076 | D:2      | Reached skill level 1 in Evocations
  1076 | D:2      | Reached XP level 4. HP: 22/38 MP: 5/5
  1669 | D:2      | Reached skill level 1 in Conjurations
  1669 | D:2      | Reached skill level 1 in Hexes
  1669 | D:2      | Reached skill level 1 in Charms
  1669 | D:2      | Reached skill level 1 in Summonings
  1669 | D:2      | Reached skill level 1 in Necromancy
  1669 | D:2      | Reached skill level 1 in Translocations
  1669 | D:2      | Reached skill level 1 in Transmutations
  1669 | D:2      | Reached skill level 1 in Fire Magic
  1669 | D:2      | Reached skill level 1 in Ice Magic
  1669 | D:2      | Reached skill level 1 in Air Magic
  1669 | D:2      | Reached skill level 1 in Earth Magic
  1669 | D:2      | Reached skill level 1 in Poison Magic
  1757 | D:3      | Noticed RollingDesktops's ghost (amateur GnWr)
  1759 | D:3      | Noticed an orc warrior
  1766 | D:3      | Reached XP level 5. HP: 38/43 MP: 6/6
  1770 | D:3      | Killed RollingDesktops's ghost
  1771 | D:3      | Slain by an orc warrior

Skill      XL: |  1  2  3  4 |
---------------+-------------+-----
Invocations    | 1 |  1.8
Short Blades   | 1 |  1.6
Long Blades    | 1 |  1.6
Maces & Flails | 1 |  1.6
Polearms       | 1 |  1.6
Staves         | 1 |  1.6
Slings         | 1 |  1.6
Bows           | 1 |  1.6
Crossbows      | 1 |  1.6
Armour         | 1 |  1.6
Stealth        | 1 |  1.6
Shields        | 1 |  1.6
Unarmed Combat | 1 |  1.6
Spellcasting   | 1 |  1.6
Evocations     | 1 |  1.6
Conjurations   | 1 |  1.2
Hexes          | 1 |  1.2
Charms         | 1 |  1.2
Summonings     | 1 |  1.2
Necromancy     | 1 |  1.2
Translocations | 1 |  1.2
Transmutations | 1 |  1.2
Fire Magic     | 1 |  1.2
Ice Magic      | 1 |  1.2
Air Magic      | 1 |  1.2
Earth Magic    | 1 |  1.2
Poison Magic   | 1 |  1.2
Fighting       | |  4.8
Axes           | |  6.7
Throwing       | |  4.8
Dodging        | |  6.7

Action                   |  1- 3 |  4- 6 || total
-------------------------+-------+-------++-------
Melee: War axe           |    73 |    54 ||   127
       Bite              |     3 |     3 ||     6
  Use: Potion            |     3 |     2 ||     5
       Scroll            |       |     7 ||     7
  Eat: Chunk             |     1 |     2 ||     3
Armor: Leather armour    |     5 |       ||     5
       Scale mail        |    12 |    13 ||    25
Dodge: Dodged            |    60 |    45 ||   105
